 Dungeon Crawl Stone Soup version 0.23-a0-117-gebca68c (webtiles) character file.

0 CanOfBees the Caller (level 1, 0/14 HPs)
             Began as a Demigod Summoner on Aug 23, 2018.
             Slain by a kobold
             ... wielding a +0 whip
              (2 damage)
             ... on level 1 of the Dungeon.
             The game lasted 00:00:26 (84 turns).

CanOfBees the Caller (Demigod Summoner)               Turns: 84, Time: 00:00:27

Health: 0/14       AC:  2    Str: 11    XL:     1   Next: 6%
Magic:  1/5        EV: 12    Int: 19    God:
Gold:   12         SH:  0    Dex: 16    Spells: 2/3 levels left

rFire    . . .     SeeInvis .   (no weapon)
rCold    . . .     Gourm    .   (no shield)
rNeg     . . .     Faith    .   a - +0 robe
rPois    .         Spirit   .   (no helmet)
rElec    .         Reflect  .   (no cloak)
rCorr    .         Harm     .   (no gloves)
MR       .....                  (no boots)
Stlth    ++........             (no amulet)
HPRegen  0.04/turn              (no ring)
MPRegen  0.09/turn              (no ring)

@: no status effects
A: high mp 1
a: no special abilities


You were on level 1 of the Dungeon.
You were not hungry.

You visited 1 branch of the dungeon, and saw 1 of its levels.

You collected 12 gold pieces.

Inventory:

Armour
 a - a +0 robe (worn)
Scrolls
 b - a scroll of blinking {unknown}
Potions
 d - a potion of resistance {unknown}
Comestibles
 c - a ration


   Skills:
 + Level 0.0 Fighting
 - Level 1.7 Dodging
 - Level 1.7 Stealth
 * Level 1.8 Spellcasting
 + Level 3.6 Summonings


You had 2 spell levels left.
You knew the following spells:

 Your Spells              Type           Power        Failure   Level  Hunger
a - Summon Small Mammal   Summ           ###.         4%          1    #......

Your spell library contained the following spells:

 Spells                   Type           Power        Failure   Level  Hunger
 Call Imp                 Summ           ###.....     6%          2    ###....
 Call Canine Familiar     Summ           ###.....     12%         3    ###....
 Summon Guardian Golem    Hex/Summ       #.......     24%         3    ###....
 Summon Ice Beast         Ice/Summ       #.......     63%         4    #####..
 Summon Lightning Spire   Summ/Air       #.......     63%         4    #####..


Dungeon Overview and Level Annotations

Branches:
Dungeon (1/15)


Innate Abilities, Weirdness & Mutations

You have an increased reservoir of magic. (+10% MP)


Message History

Confirm with . or Enter, or press ? or * to list all spells.
The hobgoblin hits you with a club.
* * * LOW HITPOINT WARNING * * *
Your rat bites the hobgoblin.
The hobgoblin hits your rat with a club.
Your rat dies!
Your rat's corpse disappears in a puff of smoke!
Casting: Summon Small Mammal (safe; 4% risk of failure)
Confirm with . or Enter, or press ? or * to list all spells.
The hobgoblin closely misses you.
Your rat bites the kobold.
The hobgoblin hits you but does no damage.
Your magical contamination has completely faded away.
You see here a bat corpse.
The goblin hits you with a dagger.
* * * LOW HITPOINT WARNING * * *
You hit the kobold.
The kobold is moderately wounded.
The goblin barely misses you. The kobold hits you with a whip.
You die...

#......#.##..
.........#..#.# ..
.........#....#+#..
........#.[.........
#..................
#..................
##.......(..........
#.......@g(..#......
#......Kg#†.......#
.###.......r#.(....#+## ####
#.....................# #...
#.......######........###...
#..........###........+.....
#...#.....g'......#...###...
#.. ###....####.......# ##..
.. .......... +.......# ##.


You could see a hobgoblin, a goblin, a kobold and a friendly rat.

Vanquished Creatures (collateral kills)
  A bat (D:1)
1 creature vanquished.

Notes
Turn   | Place    | Note
-------+----------+-------------------------------------------
     0 | D:1      | CanOfBees the Demigod Summoner began the quest for the Orb.
     0 | D:1      | Reached XP level 1. HP: 14/14 MP: 5/5
    84 | D:1      | Slain by a kobold

Vault maps used:
D:1:      elethiomel_arrival_shortcut

Action                   || total
-------------------------++-------
Melee: Unarmed           ||     5
 Cast: Summon Small Mamm ||     6
Armor: Robe              ||     3
Dodge: Dodged            ||     8

Table legend:
 A = Non-vault XP
 B = Vault XP
 C = Vault XP percentage of total XP
 D = Non-vault monster count
 E = Vault monster count
 F = Vault count percentage of total count
                 A         B        C        D         E       F
            +---------+---------+-------+---------+---------+-------
      Total |       1 |       0 |   0.0 |       1 |       0 |   0.0
            +---------+---------+-------+---------+---------+-------
        D:1 |       1 |       0 |   0.0 |       1 |       0 |   0.0
            +---------+---------+-------+---------+---------+-------
